 Dungeon Crawl Stone Soup version 0.25-a0-1056-g2efb326896 (webtiles) character file.

Game seed: 14618804017668546757, levelgen mode: deterministic

43 Esekla the Skirmisher (level 3, 0/31 HPs)
             Began as a Formicid Abyssal Knight on May 13, 2020.
             Was a Follower of Lugonu.
             Slain by an iguana (4 damage)
             ... on level 2 of the Dungeon.
             The game lasted 00:06:32 (627 turns).

Esekla the Skirmisher (Formicid Abyssal Knight)      Turns: 627, Time: 00:06:32

Health: 0/31       AC:  3    Str: 16    XL:     3   Next: 82%
Magic:  4/4        EV: 11    Int: 11    God:    Lugonu [*.....]
Gold:   19         SH:  0    Dex: 11    Spells: 2/2 levels left

rFire    . . .     SeeInvis +   a - +1 falchion
rCold    . . .     Gourm    .   (no shield)
rNeg     . . .     Faith    .   b - +0 leather armour
rPois    .         Spirit   .   (helmet unavailable)
rElec    .         Reflect  .   (no cloak)
rCorr    .         Harm     .   (no gloves)
MR       .....                  (no boots)
Stlth    +.........             (no amulet)
HPRegen  0.10/turn              (no ring)
MPRegen  0.09/turn              (no ring)

@: stab
A: permanent stasis, dig shafts and tunnels, four strong arms, antennae 3
a: Dig, Shaft Self, Depart the Abyss, Renounce Religion


You were on level 2 of the Dungeon.
You worshipped Lugonu.
Lugonu was aware of your devotion.
You were not hungry.

You visited 1 branch of the dungeon, and saw 2 of its levels.
You visited the Abyss 1 time.

You collected 19 gold pieces.

Inventory:

Hand Weapons
 a - a +1 falchion (weapon)
 e - a +0 rapier of venom
 o - a +0 spear
 r - a cursed -1 hunting sling
Missiles
 g - 16 poisoned darts
 k - 3 boomerangs (quivered)
Armour
 b - a +0 leather armour (worn)
Wands
 f - a wand of flame (8)
Scrolls
 d - a scroll of noise {unknown}
 h - 5 scrolls of identify {unknown}
 j - a scroll of immolation {unknown}
 m - 2 scrolls of amnesia {unknown}
 p - a scroll of blinking {unknown}
 q - a scroll of teleportation {unknown}
Potions
 i - a potion of degeneration {unknown}
Comestibles
 c - a ration


   Skills:
 * Level 4.4 Fighting
 * Level 2.2 Long Blades
 + Level 2.3 Armour
 + Level 0.8 Dodging
 + Level 0.2 Stealth
 + Level 2.5 Invocations


You had 2 spell levels left.
You didn't know any spells.
Your spell library was empty.

Dungeon Overview and Level Annotations

Branches:
Dungeon (2/15)

Altars:


Innate Abilities, Weirdness & Mutations

You cannot be hasted, slowed, berserked, paralysed or teleported.
You can dig through walls and to a lower floor.
Your four strong arms can wield two-handed weapons with a shield.
You have a pair of large antennae on your head. (SInv)


Message History

You hit the iguana.
The iguana is moderately wounded.
The iguana closely misses you.
You riposte.
You hit the iguana.
The iguana is severely wounded.
You hit the iguana but do no damage.
The iguana is severely wounded.
The iguana barely misses you.
You hit the iguana but do no damage.
The iguana is severely wounded.
The iguana bites you!
* * * LOW HITPOINT WARNING * * *
It was a potion of curing.
You feel better. The iguana bites you!
* * * LOW HITPOINT WARNING * * *
You barely miss the iguana.
The iguana is heavily wounded.
The iguana bites you but does no damage.
It was a potion of stabbing.
You feel ready to backstab. The iguana bites you.
You die...

#lg...# #.....###.
#.l......?
####.###..... #....#
##. #.##.# #g##.#
#l##># #@##.# ####
#########.##.#
...#####.........##.#
.........#######.# .#
...####### #.# #.##
#.# #.# #.# #.# ...
#.# ...


You could see an iguana and a hobgoblin.

Vanquished Creatures
  An ooze (D:1)
  3 dart slugs (D:1)
  A leopard gecko (D:1)
  2 ball pythons (D:1)
  7 bats (D:1)
  2 goblins
  3 hobgoblins (D:1)
  5 kobolds (D:1)
  3 frilled lizards (D:1)
  3 rats (D:1)
30 creatures vanquished.

Notes
Turn   | Place    | Note
-------+----------+-------------------------------------------
     0 | Abyss:1  | Esekla the Formicid Abyssal Knight began the quest for the
                  | Orb.
     0 | Abyss:1  | Reached XP level 1. HP: 18/18 MP: 2/2
    68 | Abyss:3  | Found a corrupted altar of Lugonu.
    68 | Abyss:3  | Noticed a small abomination
    68 | Abyss:3  | Noticed a large abomination
    68 | Abyss:3  | Noticed a large abomination
    68 | Abyss:3  | Noticed a small abomination
    68 | Abyss:3  | Noticed a shining eye
    68 | Abyss:3  | Noticed a large abomination
    68 | Abyss:3  | Noticed a cacodemon
    68 | Abyss:3  | Noticed a cacodemon
    68 | Abyss:3  | Noticed a flying skull
    68 | Abyss:3  | Noticed a glowing orange brain
    68 | Abyss:3  | Noticed a large abomination
    68 | Abyss:3  | Noticed a large abomination
    68 | Abyss:3  | Noticed an eye of draining
    68 | Abyss:3  | Noticed a large abomination
    68 | Abyss:3  | Noticed an Executioner
    68 | Abyss:3  | Noticed a small abomination
    68 | Abyss:3  | Noticed a large abomination
    68 | Abyss:3  | Noticed a large abomination
    68 | Abyss:3  | Noticed an eye of draining
    68 | Abyss:3  | Noticed a flying skull
    68 | Abyss:3  | Noticed a golden eye
    68 | Abyss:3  | Noticed a small abomination
    68 | Abyss:3  | Noticed a titanic slime creature
    69 | D:1      | Escaped the Abyss
   138 | D:1      | Reached XP level 2. HP: 25/25 MP: 3/3
   147 | D:1      | Reached * piety under Lugonu
   229 | D:1      | Reached skill level 4 in Fighting
   229 | D:1      | Reached XP level 3. HP: 26/30 MP: 4/4
   627 | D:2      | Slain by an iguana

Illustrated notes

Levels and vault maps discovered:
D:1:      dpeg_arrival_arbitrary_c, layout_rooms, minmay_tripent
D:2:      layout_loops_ring, minitemple, led_sif_pool,
          chequers_ecumenical_altar_lobes

Skill      XL: |  1  2 |
---------------+-------+-----
Fighting       | 4 |  4.4
Long Blades    | |  2.2
Armour         | |  2.3
Dodging        | |  0.8
Stealth        | |  0.2
Invocations    | |  2.5

Action                   || total
-------------------------++-------
Melee: Falchion          ||    67
Throw: Dart              ||     1
       Boomerang         ||    21
Invok: Depart the Abyss  ||     1
  Use: Potion            ||     2
Armor: Leather armour    ||    21
Dodge: Dodged            ||    56
       Rpst.: Falchion   ||    16

Table legend:
 A = Non-vault XP
 B = Vault XP
 C = Vault XP percentage of total XP
 D = Non-vault monster count
 E = Vault monster count
 F = Vault count percentage of total count
                 A         B        C        D         E       F
            +---------+---------+-------+---------+---------+-------
      Total |      58 |       4 |   6.5 |      28 |       2 |   6.7
            +---------+---------+-------+---------+---------+-------
        D:1 |      56 |       4 |   6.7 |      27 |       2 |   6.9
        D:2 |       2 |       0 |   0.0 |       1 |       0 |   0.0
            +---------+---------+-------+---------+---------+-------
